Map: Interloper LE

Players

Winthrowe

  • Race: Protoss Protoss
  • League: Silver
  • Spawn Location: 11:00

Cadmium - Winner!

  • Race: Zerg Zerg
  • League: Silver
  • Spawn Location: 5:00

VOD

Have the link to the VOD?

Description

Time

  • Played on: Sept. 3, 2017, 8:45 a.m.
  • Length: 5:12
Show
View Real Time Build Order
Export as new Build Order

Winthrowe Protoss 

Build Orders:  

Get SALT Encoding   

  12  0:01  Probe (Chrono Boost)  
  13  0:12  Probe (Chrono Boost)  
  14  0:20  Pylon  
  14  0:22  Probe (Chrono Boost)  
  15  0:38  Probe (Chrono Boost)  
  15  0:40  Gateway  
  16  0:45  Assimilator  
  16  0:49  Probe (Chrono Boost)  
  17  0:59  Probe (Chrono Boost)  
  18  1:08  Assimilator  
  18  1:10  Probe (Chrono Boost)  
  19  1:20  Probe (Chrono Boost)  
  20  1:27  Pylon  
  20  1:31  Probe (Chrono Boost)  
  21  1:41  Cybernetics Core, Probe (Chrono Boost)  
  22  1:52  Probe (Chrono Boost)  
  23  1:58  Pylon  
  23  2:05  Probe (Chrono Boost)  
  24  2:13  Gateway  
  25  2:15  Probe (Chrono Boost)  
  25  2:24  Warp Gate  
  25  2:26  Probe (Chrono Boost)  
  26  2:36  Probe (Chrono Boost)  
  27  2:42  Pylon  
  26  2:57  Probe (Chrono Boost)  
  27  3:02  Sentry  
  27  3:04  Stalker  
  31  3:10  Mothership Core (Chrono Boost)  
  33  3:28  Stalker  
  28  4:15  Zealot x2  
  32  4:35  Forge  
Show
View Real Time Build Order
Export as new Build Order

Cadmium Zerg - Winner!

Build Orders: Hatch First 

Get SALT Encoding   

  12  0:01  Drone  
  13  0:14  Overlord  
  13  0:18  Drone  
  14  0:46  Hatchery  
  14  0:50  Drone  
  14  0:53  Drone  
  15  1:10  Spawning Pool  
  14  1:14  Drone  
  14  1:17  Drone  
  16  1:21  Drone  
  17  1:28  Drone  
  18  1:33  Extractor  
  18  1:36  Drone  
  18  1:47  Drone  
  19  1:57  Drone  
  20  2:02  Queen  
  20  2:03  Zergling x2  
  20  2:06  Spine Crawler  
  22  2:10  Zergling x2  
  22  2:15  Drone  
  24  2:37  Hatchery  
  23  2:57  Queen  
  25  3:35  Drone x3  
  25  3:40  Overlord x3  
  28  3:48  Queen  
  30  4:26  Queen  
  30  4:27  Drone x2  
  30  4:28  Drone  
  35  4:35  Drone x2  
  35  4:36  Drone x3  
  35  4:37  Evolution Chamber  
  35  4:38  Evolution Chamber  
Tags
 
Add a new tag
Caveats
  • Supply blocks, unpowered buildings, or Contaminate may cause inaccurate times.
  • Supply counts are checked every 10 seconds.